 Dungeon Crawl Stone Soup version 0.30-a0-219-gf2db51d15e (webtiles) character file.

Game seed: 9162699111709095003

4131 chippings the Covert (level 10, -11/94 HPs)
             Began as a Kobold Artificer on Oct 7, 2022.
             Killed themself with a badly aimed iceblast (18 damage)
             ... on level 9 of the Dungeon.
             The game lasted 00:26:23 (9697 turns).

chippings the Covert (Kobold Artificer)             Turns: 9697, Time: 00:26:24

Health: -11/94     AC: 25    Str: 10    XL:     10   Next: 51%
Magic:  10/10      EV:  3    Int: 13    God:
Gold:   257        SH:  0    Dex: 19    Spells: 9/9 levels left

rFire   . . .      SeeInvis +    s - +1 short sword (speed)
rCold   . . .      Faith    .    (no shield)
rNeg    . . .      Spirit   .    (body armour currently unavailable)
rPois   +          Reflect  .    (helmet currently unavailable)
rElec   .          Harm     .    (cloak currently unavailable)
rCorr   .          Rampage  .    (gloves currently unavailable)
Will    .....      NoTele   +    (boots currently unavailable)
Stlth   ++++++....               (no amulet)
HPRegen 0.35/turn                k - ring of see invisible
MPRegen 0.12/turn                o - ring of poison resistance

@: mighty, tree-form
A: stationary, stasis, torment immunity, boosted hp, small, no large weapons,
nightstalker 3, (horns 1)
a: no special abilities


You were on level 9 of the Dungeon.
You were a tree.
You visited 1 branch of the dungeon, and saw 9 of its levels.

You collected 317 gold pieces.
You spent 60 gold pieces at shops.

Inventory:

Hand Weapons
 a - a +0 arbalest
 s - a +1 short sword of speed (weapon)
Armour
 p - a +0 helmet
 q - a +0 pair of gloves (melded)
 t - a +0 ring mail (melded)
Jewellery
 k - a ring of see invisible (left branch)
 l - a ring of ice
 o - a ring of poison resistance (right branch)
 A - a ring of willpower
Wands
 d - a wand of charming (5)
 e - a wand of iceblast (5)
Scrolls
 b - 4 scrolls of teleportation
 c - a scroll of summoning
 g - 2 scrolls of noise
 i - 3 scrolls of butterflies
 v - a scroll of vulnerability
 B - 2 scrolls of immolation
 D - a scroll of identify
Potions
 f - a potion of mutation
 h - a potion of brilliance
 m - 4 potions of attraction
 n - a potion of might
 r - 3 potions of curing
 u - a potion of resistance
 w - a potion of degeneration
 x - a potion of invisibility
 y - a potion of lignification
 z - a potion of flight {unknown}
 C - a potion of berserk rage {unknown}


   Skills:
 + Level 7.5 Fighting
 - Level 8.0 Short Blades
 + Level 3.2 Ranged Weapons
 - Level 0.7 Armour
 - Level 8.0 Dodging
 + Level 9.7 Stealth
 - Level 8.0 Evocations


You had 9 spell levels left.
You didn't know any spells.
Your spell library contained the following spells:

 Spells                   Type           Power      Damage    Failure   Level
 Magic Dart               Conj           0%         1d3       30%         1
 Cigotuvi's Dreadful Rot  Necr/Pois/Air  0%         N/A       43%         2
 Poisonous Vapours        Pois/Air       0%         N/A       43%         2
 Searing Ray              Conj           0%         2d4       43%         2
 Hailstorm                Conj/Ice       0%         3d3       67%         3
 Ignite Poison            Fire/Tmut/Pois 0%         N/A       67%         3
 Inner Flame              Hex/Fire       0%         N/A       67%         3
 Kindle Blastsparks       Fire/Tloc/Air  0%         2d10      67%         3
 Mephitic Cloud           Conj/Pois/Air  0%         N/A       67%         3
 Cause Fear               Hex            0%         N/A       97%         4
 Fulminant Prism          Conj/Hex       0%         3d6       97%         4
 Ice Form                 Ice/Tmut       0%         N/A       97%         4
 Freezing Cloud           Conj/Ice/Air   0%         6-21      100%        5
 Simulacrum               Ice/Necr       0%         N/A       100%        6
 Discord                  Hex            0%         N/A       100%        8


Dungeon Overview and Level Annotations

Branches:
Dungeon (9/15)
 Temple: D:4-7         Lair: D:8-11         Orc: D:9-12

Altars:

Shops:
D:2 *   D:8 :   D:9 *

Annotations:
D:4 1 transporter, BigDaddyOpFi's ghost, amateur GrFi
D:7 1 runed translucent door, ThrustWizard's ghost, novice DsRe
D:8 2 transporters, mdonais's ghost, novice MeWn


Innate Abilities, Weirdness & Mutations

You are a tree.
Your roots penetrate the ground, keeping you stationary.
You cannot be teleported.
You are immune to unholy pain and torment.
Your maximum health is greatly increased.
Your equipment is partially melded.
You are small and have problems with some larger weapons.
You are completely attuned to the shadows.
((You have a pair of small horns on your head.))


Message History

You puncture the orc!
You kill the orc!
You closely miss the orc. You hit the orc.
The orc is heavily wounded.
You barely miss the orc.
The orc is heavily wounded.
You closely miss the orc.
The orc is heavily wounded.
The orc barely misses you.
You closely miss the orc warrior.
The orc warrior is lightly wounded.
Aiming: Iceblast
Press: ? - help, Shift-Dir - straight line, f - orc priest
Aim: an orc priest, wielding a +0 flail That beam is likely to hit you.
Continue anyway?
The mass of ice explodes!
The iceblast engulfs the orc priest!!
You kill the orc priest!
The iceblast engulfs you but does no damage.
The iceblast engulfs the orc warrior!
The orc warrior is moderately wounded.
The iceblast engulfs the orc!
You kill the orc!
You hear an angry hiss.
You hear a shout! x2
The orc warrior hits you but does no damage.
Aiming: Iceblast
Press: ? - help, Shift-Dir - straight line That beam is likely to hit you.
Continue anyway?
The mass of ice explodes!
The iceblast engulfs you.
* * * LOW HITPOINT WARNING * * *
The iceblast engulfs the orc warrior!!
The orc warrior is almost dead.
The iceblast engulfs the orc!
You kill the orc!
The orc warrior hits you but does no damage.
Aiming: Iceblast
Press: ? - help, Shift-Dir - straight line That beam is likely to hit you.
Continue anyway?
The mass of ice explodes!
The iceblast engulfs you!!
You die...

#...># #..### #.##
#.# #.# #.#
############.#
....o).......#
#...♣)).##########
#######...)[.o...#..
########oo....
#.#.... #.##... #.#
#.. #.# #.


You could see an orc warrior.

Vanquished Creatures
  A shadow (D:9)
  Sigmund (D:2)
  A yak (D:5)
  A steam dragon (D:6)
  3 vampire mosquitoes (D:7)
  A water moccasin (D:5)
  2 ice beasts
  A black bear (D:7)
  4 orc warriors
  4 centaurs
  3 phantoms
  A kobold brigand (D:7)
  A bullfrog (D:7)
  2 scorpions
  10 wights
  5 killer bees (D:9)
  6 electric eels (D:5)
  3 howler monkeys
  2 jellies (D:5)
  2 orc priests
  3 iguanas
  2 orc wizards
  Robin (D:2)
  7 adders
  A shadow imp (D:5)
  2 white imps
  A worm (D:3)
  3 dart slugs
  21 orcs
  5 endoplasms
  4 giant cockroaches
  9 hobgoblins
  2 jackals (D:2)
  13 kobolds
  3 quokkas
  6 ball pythons
  7 bats
  15 goblins
  2 rats (D:2)
161 creatures vanquished.

Vanquished Creatures (collateral kills)
  A phantom (D:5)
  An orc (D:4)
  3 goblins (D:2)
  2 hobgoblins (D:2)
  3 kobolds
10 creatures vanquished.

Vanquished Creatures (others)
  A kobold brigand (D:6)
  A goblin (D:1)
  6 plants (D:5)
8 creatures vanquished.

Grand Total: 179 creatures vanquished

Notes
Turn   | Place    | Note
-------+----------+-------------------------------------------
     0 | D:1      | chippings the Kobold Artificer began the quest for the Orb.
     0 | D:1      | Reached XP level 1. HP: 12/12 MP: 1/1
   132 | D:1      | Reached XP level 2. HP: 16/16 MP: 2/2
   320 | D:1      | Reached skill level 2 in Stealth
   545 | D:1      | Reached XP level 3. HP: 20/20 MP: 3/3
   892 | D:2      | Noticed Robin
   988 | D:1      | Reached skill level 1 in Short Blades
  1058 | D:2      | Killed Robin
  1156 | D:2      | Found Vyxaqeif's Assorted Antiques.
  1309 | D:2      | Reached XP level 4. HP: 26/26 MP: 4/4
  1550 | D:2      | Noticed Sigmund
  1555 | D:2      | Killed Sigmund
  1556 | D:2      | Reached skill level 3 in Stealth
  1556 | D:2      | Reached XP level 5. HP: 23/32 MP: 5/5
  1556 | D:2      | Reached XP level 6. HP: 26/36 MP: 6/6
  2096 | D:2      | Found a faded altar of an unknown god.
  2422 | D:3      | Reached skill level 4 in Stealth
  2818 | D:3      | Reached skill level 5 in Evocations
  3438 | D:4      | Reached XP level 7. HP: 35/41 MP: 7/7
  4088 | D:4      | Noticed BigDaddyOpFi's ghost (amateur GrFi)
  4089 | D:4      | Found a transporter.
  4767 | D:5      | Entered Level 5 of the Dungeon
  4883 | D:5      | Noticed a water moccasin
  4891 | D:5      | Killed a water moccasin
  4892 | D:5      | Reached skill level 5 in Stealth
  4925 | D:5      | Reached skill level 5 in Dodging
  4925 | D:5      | Reached XP level 8. HP: 39/48 MP: 8/8
  5434 | D:5      | Reached skill level 5 in Short Blades
  5486 | D:5      | Reached skill level 6 in Stealth
  5828 | D:5      | Noticed a yak
  5841 | D:5      | Killed a yak
  5842 | D:5      | Reached skill level 5 in Fighting
  6086 | D:5      | Reached XP level 9. HP: 39/54 MP: 9/9
  6200 | D:5      | Reached skill level 7 in Stealth
  6834 | D:6      | Noticed a two-headed ogre
  7216 | D:7      | Gained mutation: You have a pair of small horns on your
                  | head. [potion of mutation]
  7493 | D:7      | Reached skill level 8 in Stealth
  7499 | D:7      | Noticed a purple ugly thing
  7499 | D:7      | Noticed a boulder beetle
  7885 | D:7      | Found a runed translucent door.
  7887 | D:7      | Noticed ThrustWizard's ghost (novice DsRe)
  7888 | D:7      | Noticed a skeletal warrior
  7921 | D:7      | Reached XP level 10. HP: 61/61 MP: 10/10
  8412 | D:8      | Noticed mdonais's ghost (novice MeWn)
  8413 | D:8      | Found a transporter.
  8470 | D:8      | Reached skill level 9 in Stealth
  8869 | D:8      | Found Meitric's Book Shoppe.
  8920 | D:8      | Found a transporter.
  8983 | D:9      | Found Plog's General Store.
  8988 | D:9      | Bought a scroll of identify for 24 gold pieces
  8988 | D:9      | Bought a potion of curing for 36 gold pieces
  9053 | D:9      | Reached skill level 1 in Ranged Weapons
  9697 | D:9      | Killed themself with a badly aimed iceblast

Illustrated notes

Levels and vault maps discovered:
D:1:      zaba_arrival_water, layout_loops_ring
D:2:      layout_basic, serial_shops, nicolae_shop_behind_doors,
          shapermc_ecumenical_altar_mp_highgroup, uniq_sigmund, uniq_robin
D:3:      layout_basic, kennysheep_donut, chequers_serial_rivers_small_a
D:4:      layout_layer_cave, gammafunk_ghost_smash
D:5:      cheibrodos_two_vegetables, layout_basic, corexii_shack
D:6:      layout_rooms, nicolae_overflow_hidden_temple, old_standard_altar,
          hangedman_abyss_or_decor_passed
D:7:      nzn_winding_woodlands_small [nzn_winding_woodlands_5x15_parted,
          nzn_winding_woodlands_center_triple_pond,
          nzn_winding_woodlands_5x15_jagged], layout_loops_cross, temple_hall,
          ebering_ghost_inner_flame
D:8:      layout_basic, gammafunk_ghost_arena, serial_shops,
          nicolae_shop_crystal
D:9:      minmay_the_grid_square_5x5_3x3 [minmay_the_grid_square_5x5_inset,
          minmay_the_grid_square_5x5_shrine2,
          minmay_the_grid_square_5x5_broken_cross, minmay_the_grid_square_5x5_z,
          minmay_the_grid_square_5x5_megaprize_diamond,
          minmay_the_grid_square_5x5_n_small, minmay_the_grid_square_5x5_empty,
          minmay_the_grid_square_5x5_beaten_path,
          minmay_the_grid_square_5x5_half_checkered], layout_basic,
          mainiacjoe_overflow_brackets, david_orc_4, serial_shops,
          nicolae_shop_waterfront, grunt_ministairs_2

Skill      XL: |  1  2  3  4  5  6  7  8  9 10 |
---------------+-------------------------------+-----
Stealth        | 2 3 4 5 6 8 9 |  9.7
Evocations     | 4 5 6 7 8 |  8.0
Short Blades   | 1 2 3 4 5 7 8 |  8.0
Dodging        | 3 4 5 6 7 8 |  8.0
Fighting       | 2 3 4 5 6 7 |  7.5
Ranged Weapons | 3 |  3.2
Armour         | |  0.7

Action                   |  1- 3 |  4- 6 |  7- 9 | 10-12 || total
-------------------------+-------+-------+-------+-------++-------
Melee: Club              |    43 |       |       |       ||    43
       Short sword       |    70 |   116 |   427 |   210 ||   823
       Punch             |       |     4 |     8 |     4 ||    16
       Headbutt          |       |       |    24 |    31 ||    55
 Fire: Arbalest          |       |       |       |     6 ||     6
Evoke: Wand              |    10 |     3 |    18 |     4 ||    35
  Use: Scroll            |       |     4 |     4 |     4 ||    12
       Potion            |       |       |    11 |     6 ||    17
 Stab: Sleeping          |     6 |    10 |    15 |     7 ||    38
       Distracted        |       |     1 |       |       ||     1
       Invisible         |       |       |     2 |       ||     2
Armor: Leather armour    |    28 |       |       |       ||    28
       Ring mail         |       |    28 |    68 |     4 ||   100
       Skin              |       |       |    19 |   119 ||   138
Dodge: Dodged            |   128 |    47 |   198 |    54 ||   427

Table legend: (Time is in decaauts)
 A = Elapsed time spent in this place.
 B = Non-inter-level travel time spent in this place.
 C = Inter-level travel time spent in this place.
 D = Time resting spent in this place.
 E = Time spent auto-exploring this place.
 F = Levels seen in this place.
 G = Mean time per level.
                   A        B        C        D        E       F      G
               +--------+--------+--------+--------+--------+-----+--------+
         Total |   9356 |   9100 |    256 |    598 |   6173 |   9 | 1039.6 |
       Dungeon |   9356 |   9100 |    256 |    598 |   6173 |   9 | 1039.6 |
               +--------+--------+--------+--------+--------+-----+--------+

Top non-repeatable levels by time:
     D:5: 1912 daAuts
     D:4: 1297 daAuts
     D:3: 1200 daAuts
     D:2: 1165 daAuts
     D:7: 1124 daAuts
     D:1: 1063 daAuts
     D:9: 673 daAuts
     D:8: 598 daAuts
     D:6: 321 daAuts
